ITL
HAVANA ROLLERS @ AMARILLO ARCHDUKES
04/25/2027
 
TOP OF THE 1ST
Havana Rollers batting - Pitching for Amarillo Archdukes : RHP Jeff Lawson
Pitching: RHP Jeff Lawson
Batting: LHB Jimmy Husted 0-0: Called Strike
0-1: Ball
1-1: Ball
2-1: Foul Ball, location: 2F
2-2: Ground out 5-3 (Groundball, 56)
Batting: RHB Jack Bailey 0-0: Ball
1-0: Swinging Strike
1-1: Foul Ball, location: 2F
1-2: Ball
2-2: Strikes out swinging
Batting: LHB Enrique Cortéz 0-0: SINGLE (Line Drive, 34D)
Batting: SHB Chris Bennis 0-0: Called Strike
0-1: Fielders Choice at 2nd, 5-4 (Groundball, 5L)
Top of the 1st over - 0 run(s), 1 hit(s), 0 error(s), 0 left on base; Havana 0 - Amarillo 0
BOTTOM OF THE 1ST
Amarillo Archdukes batting - Pitching for Havana Rollers : RHP Chris Marshall
Pitching: RHP Chris Marshall
Batting: RHB Norm Francis 0-0: Fly out, F6 (Popup, 6)
Batting: RHB José Ruíz 0-0: Ball
1-0: Swinging Strike
1-1: Called Strike
1-2: Foul Ball, location: 2F
1-2: Strikes out swinging
Batting: SHB Douglas Taylor 0-0: Ball
1-0: Fly out, F9 (Flyball, 9)
Bottom of the 1st over - 0 run(s), 0 hit(s), 0 error(s), 0 left on base; Havana 0 - Amarillo 0
TOP OF THE 2ND
Havana Rollers batting - Pitching for Amarillo Archdukes : RHP Jeff Lawson
Batting: RHB Soshu Nakamura 0-0: Foul Ball, location: 2F
0-1: SINGLE (Flyball, 7S)
Batting: RHB Francisco Rincón 0-0: Ball
1-0: Ball
2-0: Foul Ball, location: 2F
2-1: SINGLE (Groundball, 56D)
Soshu Nakamura to second
Batting: RHB Victor Andrews 0-0: Called Strike
0-1: Foul Ball, location: 2F
0-2: Fly out, F7 (Flyball, 7LS)
Batting: LHB José Torres 0-0: Ball
1-0: SINGLE (Groundball, 4D)
Soshu Nakamura to third
Francisco Rincón to second
Runner from 3rd tries for Home, SAFE, no throw
Batting: RHB Chad Case 0-0: Ball
1-0: Swinging Strike
1-1: Called Strike
1-2: Strikes out looking
Batting: LHB Jimmy Husted 0-0: Called Strike
0-1: Called Strike
0-2: Foul Ball, location: 2F
0-2: Ball
1-2: Ball
2-2: Strikes out swinging
Top of the 2nd over - 1 run(s), 3 hit(s), 0 error(s), 2 left on base; Havana 1 - Amarillo 0
BOTTOM OF THE 2ND
Amarillo Archdukes batting - Pitching for Havana Rollers : RHP Chris Marshall
Batting: LHB Michael Cook 0-0: Foul Ball, location: 2F
0-1: Swinging Strike
0-2: DOUBLE (Flyball, 7D)
Batting: LHB Howard Lambert 0-0: Ball
1-0: Foul Ball, location: 2F
1-1: Ground out 4-3 (Groundball, 4)
Michael Cook to third
Batting: LHB Edwin Ryan 0-0: Called Strike
0-1: Ball
1-1: Ball
2-1: Foul Ball, location: 2F
2-2: Ball
3-2: Foul Ball, location: 2F
3-2: Fly out, F8 (Flyball, 8LS)
Runner from 3rd tags up, SCORES, no throw
Batting: RHB Herb Bunch 0-0: Foul Ball, location: 2F
0-1: Fly out, F9 (Flyball, 9)
Bottom of the 2nd over - 1 run(s), 1 hit(s), 0 error(s), 0 left on base; Havana 1 - Amarillo 1
TOP OF THE 3RD
Havana Rollers batting - Pitching for Amarillo Archdukes : RHP Jeff Lawson
Batting: RHB Jack Bailey 0-0: Called Strike
0-1: Ball
1-1: Foul Ball, location: 2F
1-2: Strikes out swinging
Batting: LHB Enrique Cortéz 0-0: Called Strike
0-1: Ball
1-1: Ball
2-1: Foul Ball, location: 2F
2-2: Fly out, F7 (Flyball, 78M)
Batting: SHB Chris Bennis 0-0: Foul Ball, location: 2F
0-1: Fly out, F8 (Flyball, 8RXD)
Top of the 3rd over - 0 run(s), 0 hit(s), 0 error(s), 0 left on base; Havana 1 - Amarillo 1
BOTTOM OF THE 3RD
Amarillo Archdukes batting - Pitching for Havana Rollers : RHP Chris Marshall
Batting: RHB Nobuharu Hoshino 0-0: Called Strike
0-1: Fly out, F5 (Line Drive, 5)
Batting: RHB Jorge Espinosa 0-0: Foul Ball, location: 2F
0-1: Ball
1-1: Fly out, F9 (Flyball, 9LS)
Batting: RHB Norm Francis 0-0: Swinging Strike
0-1: Foul Ball, location: 2F
0-2: Ball
1-2: Ball
2-2: DOUBLE (Line Drive, 78S)
Batting: RHB José Ruíz 0-0: Ball
1-0: Ball
2-0: Called Strike
2-1: Ball
3-1: Base on Balls
Batting: SHB Douglas Taylor 0-0: Ball
1-0: Foul Ball, location: 2F
1-1: Swinging Strike
1-2: Reached on error, E4 (Groundball, 4)
Norm Francis to third
José Ruíz to second
Batting: LHB Michael Cook 0-0: Ball
1-0: Called Strike
1-1: Called Strike
1-2: Foul Ball, location: 2F
1-2: Foul Ball, location: 2F
1-2: Foul Ball, location: 2F
1-2: Foul Ball, location: 2F
1-2: Fielders Choice at 2nd, 4-6 (Groundball, 4)
Bottom of the 3rd over - 0 run(s), 1 hit(s), 1 error(s), 2 left on base; Havana 1 - Amarillo 1
TOP OF THE 4TH
Havana Rollers batting - Pitching for Amarillo Archdukes : RHP Jeff Lawson
Batting: RHB Soshu Nakamura 0-0: Ball
1-0: Called Strike
1-1: Swinging Strike
1-2: Ball
2-2: Strikes out swinging
Batting: RHB Francisco Rincón 0-0: Ball
1-0: Swinging Strike
1-1: Ball
2-1: Swinging Strike
2-2: DOUBLE (Flyball, 8LXD)
Batting: RHB Victor Andrews 0-0: Called Strike
0-1: Fly out, F8 (Flyball, 89M)
Batting: LHB José Torres 0-0: Called Strike
0-1: Fly out, F7 (Flyball, 7)
Top of the 4th over - 0 run(s), 1 hit(s), 0 error(s), 1 left on base; Havana 1 - Amarillo 1
BOTTOM OF THE 4TH
Amarillo Archdukes batting - Pitching for Havana Rollers : RHP Chris Marshall
Batting: LHB Howard Lambert 0-0: Ball
1-0: Ball
2-0: Foul Ball, location: 2F
2-1: SINGLE (Line Drive, 34)
Batting: LHB Edwin Ryan 0-0: Ball
1-0: Fly out, F8 (Flyball, 8RS)
Batting: RHB Herb Bunch 0-0: Ball
1-0: Ball
2-0: Ball
3-0: Base on Balls
Howard Lambert to second
Batting: RHB Nobuharu Hoshino 0-0: Ball
1-0: Ball
2-0: Called Strike
2-1: Called Strike
Howard Lambert steals 3rd base
Herb Bunch to second
2-2: Foul Ball, location: 2F
2-2: Ball
3-2: SINGLE (Groundball, 6MD)
Howard Lambert scores
Herb Bunch to third
Batting: RHB Jorge Espinosa 0-0: Ball
1-0: Called Strike
1-1: Swinging Strike
1-2: Grounds into double play, 5-4-3 (Groundball, 56)
Bottom of the 4th over - 1 run(s), 2 hit(s), 0 error(s), 1 left on base; Havana 1 - Amarillo 2
TOP OF THE 5TH
Havana Rollers batting - Pitching for Amarillo Archdukes : RHP Jeff Lawson
Batting: RHB Chad Case 0-0: Foul Ball, location: 2F
0-1: Foul Ball, location: 2F
0-2: Ball
1-2: Ball
2-2: Fly out, F9 (Flyball, 89M)
Batting: LHB Jimmy Husted 0-0: Ball
1-0: Ground out 4-3 (Groundball, 4)
Batting: RHB Jack Bailey 0-0: Swinging Strike
0-1: Ground out 5-3 (Groundball, 5)
Top of the 5th over - 0 run(s), 0 hit(s), 0 error(s), 0 left on base; Havana 1 - Amarillo 2
BOTTOM OF THE 5TH
Amarillo Archdukes batting - Pitching for Havana Rollers : RHP Chris Marshall
Batting: RHB Norm Francis 0-0: Foul Ball, location: 2F
0-1: Ball
1-1: Ground out 6-3 (Groundball, 6MS)
Batting: RHB José Ruíz 0-0: Bunted foul
0-1: Foul Ball, location: 2F
0-2: Ball
1-2: Ball
2-2: Foul Ball, location: 2F
2-2: Ball
3-2: Ground out U3 (Groundball, 34S)
Batting: SHB Douglas Taylor 0-0: Ball
1-0: Ground out 1-3 (Groundball, 13S)
Bottom of the 5th over - 0 run(s), 0 hit(s), 0 error(s), 0 left on base; Havana 1 - Amarillo 2
TOP OF THE 6TH
Havana Rollers batting - Pitching for Amarillo Archdukes : RHP Jeff Lawson
Batting: LHB Enrique Cortéz 0-0: Ball
1-0: Fly out, F7 (Flyball, 7LDF)
Batting: SHB Chris Bennis 0-0: Called Strike
0-1: SOLO HOME RUN (Flyball, 78XD), Distance : 367 ft
Batting: RHB Soshu Nakamura 0-0: Foul Ball, location: 2F
0-1: Fly out, F8 (Flyball, 8RD)
Batting: RHB Francisco Rincón 0-0: Ball
1-0: Ball
2-0: Called Strike
2-1: Foul Ball, location: 2F
2-2: SINGLE (Groundball, 56S) (infield hit)
Batting: RHB Victor Andrews 0-0: Called Strike
0-1: Ground out 1-3 (Groundball, 15S)
Top of the 6th over - 1 run(s), 2 hit(s), 0 error(s), 1 left on base; Havana 2 - Amarillo 2
BOTTOM OF THE 6TH
Amarillo Archdukes batting - Pitching for Havana Rollers : RHP Chris Marshall
Batting: LHB Michael Cook 0-0: Ball
1-0: Ball
2-0: Ball
3-0: Called Strike
3-1: Ground out 4-3 (Groundball, 34)
Batting: LHB Howard Lambert 0-0: Ball
1-0: Ball
2-0: Ball
3-0: Swinging Strike
3-1: Foul Ball, location: 2F
3-2: Strikes out swinging
Batting: LHB Edwin Ryan 0-0: Foul Ball, location: 2F
0-1: Fly out, F9 (Flyball, 89M)
Bottom of the 6th over - 0 run(s), 0 hit(s), 0 error(s), 0 left on base; Havana 2 - Amarillo 2
TOP OF THE 7TH
Havana Rollers batting - Pitching for Amarillo Archdukes : RHP Jeff Lawson
Batting: LHB José Torres 0-0: Called Strike
0-1: Ball
1-1: Fly out, F9 (Flyball, 9)
Batting: RHB Chad Case 0-0: Called Strike
0-1: Fly out, F7 (Line Drive, 7S)
Batting: LHB Jimmy Husted 0-0: Called Strike
0-1: Ball
1-1: Ball
2-1: Ball
3-1: Fly out, F8 (Line Drive, 78D)
Top of the 7th over - 0 run(s), 0 hit(s), 0 error(s), 0 left on base; Havana 2 - Amarillo 2
BOTTOM OF THE 7TH
Amarillo Archdukes batting - Pitching for Havana Rollers : RHP Chris Marshall
Pinch Hitting: LHB Chris Pryor 0-0: Ball
1-0: Ball
2-0: Swinging Strike
2-1: Ball
3-1: Base on Balls
Pitching: RHP Brad Sharpe
Batting: RHB Nobuharu Hoshino 0-0: Called Strike
0-1: Ball
1-1: Ball
2-1: Bunted foul
2-2: Fly out, F9 (Flyball, 89M)
Batting: RHB Jorge Espinosa 0-0: Ball
1-0: Called Strike
1-1: Ball
2-1: Foul Ball, location: 2F
2-2: Ball
3-2: Grounds into double play, 6-4-3 (Groundball, 6)
Bottom of the 7th over - 0 run(s), 0 hit(s), 0 error(s), 0 left on base; Havana 2 - Amarillo 2
TOP OF THE 8TH
Havana Rollers batting - Pitching for Amarillo Archdukes : RHP Jeff Lawson
Now at 3B: Gil Watcham
Batting: RHB Jack Bailey 0-0: Ball
1-0: DOUBLE (Groundball, 5L)
Batting: LHB Enrique Cortéz 0-0: Called Strike
0-1: Ground out 6-3 (Groundball, 6)
Jack Bailey to third
Batting: SHB Chris Bennis 0-0: Intentional Walk
Pitching: LHP Rob Lucas
Batting: RHB Soshu Nakamura 0-0: Called Strike
0-1: Ball
1-1: DOUBLE (Line Drive, 7D)
Jack Bailey scores
Chris Bennis to third
Pinch Hitting: RHB Paul Bailey 0-0: SINGLE (Line Drive, 89M)
Chris Bennis scores
Soshu Nakamura to third
Batting: RHB Victor Andrews 0-0: Ball
1-0: Foul Ball, location: 2F
1-1: Ball
2-1: Swinging Strike
2-2: Fly out, F8 (Flyball, 8RS)
Pinch Hitting: RHB Yaichiro Sugahara 0-0: Called Strike
0-1: Ball
1-1: Swinging Strike
1-2: Strikes out swinging
Top of the 8th over - 2 run(s), 3 hit(s), 0 error(s), 2 left on base; Havana 4 - Amarillo 2
BOTTOM OF THE 8TH
Amarillo Archdukes batting - Pitching for Havana Rollers : RHP Brad Sharpe
Now at 3B: Noriaki Oshima
Now in CF: Paul Bailey
Batting: RHB Norm Francis 0-0: Ball
1-0: Ball
2-0: Fly out, F9 (Flyball, 89M)
Batting: RHB José Ruíz 0-0: Ball
1-0: Fly out, F8 (Flyball, 8RM)
Batting: SHB Douglas Taylor 0-0: Ball
1-0: Ball
2-0: Called Strike
2-1: SINGLE (Groundball, 4D)
Pitching: LHP Jorge Gómez
Batting: LHB Michael Cook 0-0: Ball
1-0: Called Strike
1-1: Foul Ball, location: 2F
1-2: 2-RUN HOME RUN (Flyball, 89D), Distance : 390 ft
Pinch Hitting: RHB Paul Ladd 0-0: SINGLE (Line Drive, 6MD)
Pitching: RHP Alejandro Pérez
Batting: LHB Edwin Ryan 0-0: Ground out 4-3 (Groundball, 4S)
Bottom of the 8th over - 2 run(s), 3 hit(s), 0 error(s), 1 left on base; Havana 4 - Amarillo 4
TOP OF THE 9TH
Havana Rollers batting - Pitching for Amarillo Archdukes : LHP Rob Lucas
Pitching: RHP Nick Parks
Now in LF: Tony Quinn
Pinch Hitting: LHB Dave Gordon 0-0: Ball
1-0: Ball
2-0: Foul Ball, location: 2F
2-1: Fly out, F9 (Flyball, 9S)
Batting: LHB Jimmy Husted 0-0: Called Strike
0-1: Fly out, F7 (Flyball, 7)
Batting: RHB Jack Bailey 0-0: Ball
1-0: Ball
2-0: Ground out 5-3 (Groundball, 56)
Top of the 9th over - 0 run(s), 0 hit(s), 0 error(s), 0 left on base; Havana 4 - Amarillo 4
BOTTOM OF THE 9TH
Amarillo Archdukes batting - Pitching for Havana Rollers : RHP Alejandro Pérez
Now at SS: Raynard Brenner
Batting: RHB Gil Watcham 0-0: Ball
1-0: Fly out, F8 (Flyball, 8RM)
Batting: RHB Nobuharu Hoshino 0-0: Swinging Strike
0-1: Fly out, F4 (Popup, 34)
Batting: RHB Jorge Espinosa 0-0: Ball
1-0: Ball
2-0: Foul Ball, location: 2F
2-1: Foul Ball, location: 2F
2-2: Strikes out swinging
Bottom of the 9th over - 0 run(s), 0 hit(s), 0 error(s), 0 left on base; Havana 4 - Amarillo 4
TOP OF THE 10TH
Havana Rollers batting - Pitching for Amarillo Archdukes : RHP Nick Parks
Batting: LHB Enrique Cortéz 0-0: Fly out, F9 (Flyball, 9LM)
Batting: SHB Chris Bennis 0-0: Called Strike
0-1: SINGLE (Groundball, 4MD)
Batting: RHB Soshu Nakamura 0-0: Ball
1-0: Swinging Strike
1-1: Called Strike
1-2: Foul Ball, location: 2F
1-2: Strikes out looking
Batting: RHB Paul Bailey 0-0: Called Strike
0-1: Ball
1-1: Swinging Strike
1-2: Foul Ball, location: 2F
1-2: Ball
2-2: Ball
3-2: Base on Balls
Chris Bennis to second
Batting: RHB Victor Andrews 0-0: Called Strike
0-1: Fly out, F6 (Line Drive, 56)
Top of the 10th over - 0 run(s), 1 hit(s), 0 error(s), 2 left on base; Havana 4 - Amarillo 4
BOTTOM OF THE 10TH
Amarillo Archdukes batting - Pitching for Havana Rollers : RHP Alejandro Pérez
Batting: RHB Norm Francis 0-0: Called Strike
0-1: Ground out 6-3 (Groundball, 6MS)
Batting: RHB José Ruíz 0-0: Called Strike
0-1: Ball
1-1: Ball
2-1: Foul Ball, location: 2F
2-2: Ball
3-2: Foul Ball, location: 2F
3-2: Strikes out swinging
Batting: SHB Douglas Taylor 0-0: Ball
1-0: Ground out 4-3 (Groundball, 4)
Bottom of the 10th over - 0 run(s), 0 hit(s), 0 error(s), 0 left on base; Havana 4 - Amarillo 4
TOP OF THE 11TH
Havana Rollers batting - Pitching for Amarillo Archdukes : RHP Nick Parks
Pitching: RHP Brian Hull
Batting: LHB Noriaki Oshima 0-0: Ground out 4-3 (Groundball, 4)
Batting: LHB Raynard Brenner 0-0: Ball
1-0: Fly out, F4 (Flyball, 34D)
Batting: LHB Jimmy Husted 0-0: Ball
1-0: Fly out, F5 (Flyball, 5D)
Top of the 11th over - 0 run(s), 0 hit(s), 0 error(s), 0 left on base; Havana 4 - Amarillo 4
BOTTOM OF THE 11TH
Amarillo Archdukes batting - Pitching for Havana Rollers : RHP Alejandro Pérez
Batting: LHB Michael Cook 0-0: Ball
1-0: Called Strike
1-1: SINGLE (Groundball, 4D)
Batting: RHB Tony Quinn 0-0: Called Strike
0-1: Foul Ball, location: 2F
0-2: SINGLE (Groundball, 5D)
Michael Cook to second
Batting: LHB Edwin Ryan 0-0: Ball
1-0: SINGLE (Line Drive, 4MD)
Michael Cook to third
Tony Quinn to second
Batting: RHB Gil Watcham 0-0: Ball
1-0: Grounds into fielders choice 5-2 (Groundball, 5)
Tony Quinn to third
Edwin Ryan to second
Batting: RHB Nobuharu Hoshino 0-0: Called Strike
0-1: Ball
1-1: SINGLE (Groundball, 4D)
Tony Quinn scores
Thursday, March 30th, 2017 - OOTP Baseball 17.12 Build 75